 Dungeon Crawl Stone Soup version 0.27.1-3-gb3d3a73c9e (webtiles) character file.

Game seed: 11414312973439581243

48 earthworldpsion the Firebug (level 3, 0/27 HPs)
             Began as a Draconian Fire Elementalist on Oct 17, 2021.
             Slain by Crazy Yiuf (9 damage)
             ... on level 2 of the Dungeon.
             The game lasted 00:12:18 (1705 turns).

earthworldpsion the Firebug (DrFE)                  Turns: 1705, Time: 00:12:19

Health: 0/27       AC:  5    Str: 10    XL:     3   Next: 50%
Magic:  1/6        EV: 12    Int: 16    God:
Gold:   60         SH:  0    Dex: 11    Spells: 5/6 levels left

rFire    . . .     SeeInvis .   a - +0 spear
rCold    . . .     Faith    .   (no shield)
rNeg     . . .     Spirit   .   (armour unavailable)
rPois    .         Reflect  .   (helmet restricted)
rElec    .         Harm     .   (no cloak)
rCorr    .         Rampage  .   (no gloves)
Will     .....                  (no boots)
Stlth    ++........             (no amulet)
HPRegen  0.09/turn              (no ring)
MPRegen  0.10/turn              (no ring)

@: no status effects
A: AC +5, unfitting armour, cold-blooded
a: no special abilities


You were on level 2 of the Dungeon.
You visited 1 branch of the dungeon, and saw 3 of its levels.

You collected 60 gold pieces.

Inventory:

Hand Weapons
 a - a +0 spear (weapon)
Missiles
 c - 4 javelins (quivered)
Scrolls
 e - a scroll of identify {unknown}
Potions
 b - a potion of flight {unknown}
 d - a potion of heal wounds {unknown}


   Skills:
 + Level 0.5 Fighting
 + Level 0.6 Polearms
 + Level 2.2 Dodging
 + Level 2.4 Stealth
 + Level 2.3 Spellcasting
 + Level 1.3 Conjurations
 + Level 3.2 Fire Magic


You had 5 spell levels left.
You knew the following spells:

 Your Spells              Type           Power      Damage    Failure   Level
a - Foxfire               Conj/Fire      36%        2x1d5     8%          1

Your spell library contained the following spells:

 Spells                   Type           Power      Damage    Failure   Level
 Conjure Flame            Conj/Fire      9%         6-21      24%         3
 Blink                    Tloc           N/A        N/A       30%         2
 Inner Flame              Hex/Fire       7%         N/A       30%         3
 Lesser Beckoning         Tloc           0%         N/A       52%         3
 Portal Projectile        Hex/Tloc       2%         N/A       52%         3
 Sticky Flame             Conj/Fire      9%         2d3       61%         4
 Fireball                 Conj/Fire      4%         3d4       91%         5
 Blade Hands              Tmut           0%         N/A       99%         5
 Excruciating Wounds      Necr           0%         N/A       99%         5
 Manifold Assault         Tloc           1%         N/A       99%         5


Dungeon Overview and Level Annotations

Branches:
Dungeon (3/15)

Altars:
Dithmenos

Annotations:
D:2 Crazy Yiuf


Innate Abilities, Weirdness & Mutations

Your plain brown scales are hard. (AC +5)
You cannot fit into any form of body armour.
You are cold-blooded and may be slowed by cold attacks.


Message History

Aim: a bat (37% to hit)
You throw a javelin. The javelin misses the bat.
The bat hits you but does no damage. x2
Throw: 2 javelins
Press: ? - help, Q - select action, (/) - cycle Shift-Dir - straight line, f/p - bat
Aim: a bat (37% to hit)
You throw a javelin. The javelin completely misses the bat.
The bat closely misses you.
Throw: javelin
Press: ? - help, Q - select action, (/) - cycle Shift-Dir - straight line, f/p - bat
Aim: a bat (37% to hit)
You throw a javelin. The javelin pierces through the bat.
You kill the bat!
You see here a bat corpse.
c - 4 javelins You see here a bat corpse.
Found two maces.
You see here a +0 mace.
Found a mace.
Found a runed translucent door.
Throw: 4 javelins
Press: ? - help, Q - select action, (/) - cycle Shift-Dir - straight line There's something in the way.
Okay, then.
You open the door.
There is an open translucent door here.
Casting: Foxfire (safe; 8% risk of failure)
Confirm with . or Enter, or press ? or * to list all spells.
You conjure some foxfire!
Crazy Yiuf shouts!
Crazy Yiuf hits you with a +2 quarterstaff of chaos!
You feel your power leaking away.
Casting: Foxfire (safe; 8% risk of failure)
Confirm with . or Enter, or press ? or * to list all spells.
You conjure some foxfire!
The foxfire hits Crazy Yiuf but does no damage.
The foxfire hits Crazy Yiuf.
Crazy Yiuf is lightly wounded.
Crazy Yiuf hits you with a +2 quarterstaff of chaos!
You are electrocuted!
You die...

.....# ##...#
...#.... ##.##
#.####### ##.# #.
#.## #. ##.# #.
#.## #. ##'## #
#.§v# .###. #.@v#
.....# #)g.#
##.....## ##### #..
#... #.# ###.
#.######.
###>....... ##
#######....######
.. ###..........#
#.####.........####


You could see Crazy Yiuf (ally target).

Vanquished Creatures
  An adder (D:2)
  A ball python (D:3)
  4 endoplasms
  2 giant cockroaches (D:3)
  2 goblins
  4 hobgoblins
  4 quokkas
  4 bats
  4 frilled lizards
  5 kobolds
  5 rats
36 creatures vanquished.

Vanquished Creatures (others)
  35 foxfires
35 creatures vanquished.

Grand Total: 71 creatures vanquished

Notes
Turn   | Place    | Note
-------+----------+-------------------------------------------
     0 | D:1      | earthworldpsion the Draconian Fire Elementalist began the
                  | quest for the Orb.
     0 | D:1      | Reached XP level 1. HP: 14/14 MP: 3/3
   547 | D:1      | Reached XP level 2. HP: 20/22 MP: 5/5
   885 | D:1      | Found a faded altar of an unknown god.
  1195 | D:2      | Reached XP level 3. HP: 8/27 MP: 0/6
  1435 | D:2      | You fall into a shaft and drop 1 floor!
  1516 | D:3      | Found a shadowy altar of Dithmenos.
  1696 | D:2      | Found a runed translucent door.
  1697 | D:2      | Noticed Crazy Yiuf
  1705 | D:2      | Slain by Crazy Yiuf

Illustrated notes

Levels and vault maps discovered:
D:1:      scummos_arrival_forest, layout_loops_corners,
          chequers_ecumenical_altar_twisty
D:2:      layout_rooms, uniq_sigmund, uniq_crazy_yiuf_cottage
D:3:      layout_basic, grunt_dithmenos_smoke_and_mirrors, uniq_terence

Skill      XL: |  1  2 |
---------------+-------+-----
Dodging        | 2 |  2.2
Stealth        | 2 |  2.4
Fighting       | |  0.5
Polearms       | |  0.6
Spellcasting   | |  2.3
Conjurations   | |  1.3
Fire Magic     | |  3.2

Action                   || total
-------------------------++-------
Melee: Spear             ||    70
       Unarmed           ||     2
       Tailslap          ||     5
Throw: Javelin           ||    14
 Cast: Foxfire           ||    23
 Stab: Sleeping          ||     1
Armor: Skin              ||    59
Dodge: Dodged            ||    87
